 Dungeon Crawl Stone Soup version 0.25-a0-829-g4e6a552925 (webtiles) character file.

Game seed: 1820045039175282241, levelgen mode: deterministic

321438 Error4North the Peltast (level 21, -4/180 HPs)
             Began as a Hill Orc Fighter on Apr 20, 2020.
             Was a High Priest of Okawaru.
             Slain by the Royal Jelly (29 damage)
             ... on level 5 of the Pits of Slime on Apr 21, 2020.
             The game lasted 04:38:22 (37590 turns).

Error4North the Peltast (Hill Orc Fighter)         Turns: 37590, Time: 04:38:22

Health: -4/180     AC: 13    Str: 25    XL:     21   Next: 52%
Magic:  20/26      EV: 12    Int: 15    God:    Okawaru [*****.]
Gold:   3366       SH: 22    Dex: 10    Spells: 20/20 levels left

rFire    . . .     SeeInvis .   t - +9 hand axe "Gierghe" {vamp, rN++ Dex+2 Stlth+}
rCold    . . .     Gourm    .   u - +2 kite shield {reflect}
rNeg     + + .     Faith    .   I - +2 gold dragon scales
rPois    +         Spirit   .   (helmet restricted)
rElec    +         Reflect  +   h - +2 cloak
rCorr    +         Harm     .   y - +2 pair of gloves {archery}
MR       ++...     Rnd*Rage +   L - +2 pair of boots {Stlth+}
Stlth    ..........             U - amulet of Ahoidy {Reflect +Blink +Fly rC- Dex+2 SH+2}
HPRegen  0.40/turn              X - ring "Eryoren" {+Blink rElec rF- MR+ Int+5}
MPRegen  0.20/turn              j - ring of resist corrosion

@: heroism, finesse, corroded, berserk cooldown, hasted and slowed, studying
Fighting
A: beak, horns 1, berserk 1, clumsy 2, frail 1, low mp 1, screaming 1, weak 1,
subdued magic 1
}: 2/15 runes: barnacled, gossamer
a: Heroism, Finesse, Renounce Religion, Evoke Blink, Evoke Flight


You were on level 5 of the Pits of Slime.
You worshipped Okawaru.
Okawaru was extremely pleased with you.
You were not hungry.

You visited 7 branches of the dungeon, and saw 36 of its levels.
You visited the Abyss 1 time.
You visited 1 bazaar.
You also visited: Ice Cave.

You collected 4497 gold pieces.
You spent 1131 gold pieces at shops.

Inventory:

Hand Weapons
 t - the +9 hand axe "Gierghe" (weapon) {vamp, rN++ Dex+2 Stlth+}
   (You found it on level 4 of the Dungeon)

   It inflicts no extra harm, but heals its wielder when it wounds a living foe.
   It affects your dexterity (+2).
   It greatly protects you from negative energy.
   It makes you more stealthy.
Missiles
 q - 77 boomerangs (quivered)
 H - 32 silver boomerangs
Armour
 h - a +2 cloak (worn)
 u - a +2 kite shield of reflection (worn)
 y - a +2 pair of gloves of archery (worn)
 F - a +1 helmet of see invisible
 I - +2 gold dragon scales (worn)
 L - a +2 pair of boots of stealth (worn)
Jewellery
 j - a ring of resist corrosion (right hand)
 x - the ring of Robustness {AC+8}
   (You found it on level 3 of the Spider Nest)

   [ring of protection]

   It affects your AC (+8).
 K - an uncursed ring of protection from cold
 N - an uncursed ring of protection from magic
 O - an uncursed ring of see invisible
 U - the amulet of Ahoidy (around neck) {Reflect +Blink +Fly rC- Dex+2 SH+2}
   (You found it on level 1 of the Spider Nest)

   [amulet of reflection]

   It shields you and reflects attacks.
   It affects your dexterity (+2).
   It makes you vulnerable to cold.
   It lets you fly.
   It lets you blink.
   It affects your SH (+2).
 X - the ring "Eryoren" (left hand) {+Blink rElec rF- MR+ Int+5}
   (You found it on level 1 of the Spider Nest)

   [ring of intelligence]

   It affects your intelligence (+5).
   It makes you vulnerable to fire.
   It insulates you from electricity.
   It affects your resistance to hostile enchantments.
   It lets you blink.
Wands
 a - a wand of polymorph (15)
 c - a wand of random effects (13)
 k - a wand of digging (6)
 A - a wand of paralysis (25)
 B - a wand of flame (28)
 M - a wand of enslavement (14)
 P - a wand of acid (11)
 R - a wand of clouds (6)
 S - a wand of iceblast (7)
Scrolls
 b - a scroll of fog
 d - 11 scrolls of teleportation
 o - 14 scrolls of remove curse
 r - 4 scrolls of magic mapping
 s - a scroll of blinking
 v - 6 scrolls of enchant weapon
 w - a scroll of brand weapon
 Q - 2 scrolls of holy word
 Z - 2 scrolls of silence
Potions
 g - 4 potions of stabbing
 i - 3 potions of flight
 m - 19 potions of curing
 n - a potion of haste
 p - a potion of invisibility
 z - 8 potions of cancellation
 E - 2 potions of might
 G - 8 potions of brilliance
 T - 6 potions of heal wounds
 Y - 2 potions of ambrosia
Books
 l - a manual of Fighting
Miscellaneous
 D - a lightning rod (inert)
 V - 2 boxes of beasts
Comestibles
 f - 49 rations


   Skills:
 * Level 20.0(25.0) Fighting
 + Level 17.6(22.6) Axes
 + Level 3.9(8.9) Throwing
 * Level 15.6(20.6) Armour
 * Level 12.1(17.1) Dodging
 + Level 4.2(9.2) Stealth
 * Level 20.9(25.9) Shields
 + Level 11.9 Invocations
 + Level 8.3 Evocations


You had 20 spell levels left.
You didn't know any spells.
Your spell library contained the following spells:

 Spells                   Type           Power        Failure   Level  Hunger
 Animate Skeleton         Necr           N/A          98%         1    ##.....
 Apportation              Tloc           #.....       98%         1    ##.....
 Corona                   Hex            #......      98%         1    ##.....
 Infusion                 Chrm           #...         98%         1    ##.....
 Magic Dart               Conj           #...         98%         1    ##.....
 Shock                    Conj/Air       #...         98%         1    ##.....
 Sting                    Tmut/Pois      #...         98%         1    ##.....
 Summon Small Mammal      Summ           #...         98%         1    ##.....
 Blink                    Tloc           N/A          99%         2    ###....
 Call Imp                 Summ           #.......     99%         2    ###....
 Ensorcelled Hibernation  Hex/Ice        #.....       99%         2    ###....
 Passwall                 Tmut/Erth      #.......     99%         2    ###....
 Poisonous Vapours        Pois/Air       #.....       99%         2    ###....
 Shroud of Golubria       Chrm/Tloc      #.....       99%         2    ###....
 Slow                     Hex            #.......     99%         2    ###....
 Song of Slaying          Chrm           #.......     99%         2    ###....
 Swiftness                Chrm/Air       #.......     99%         2    ###....
 Conjure Flame            Conj/Fire      #.......     100%        3    ####...
 Gell's Gravitas          Tloc           #.........   100%        3    ####...
 Ignite Poison            Fire/Tmut/Pois #.......     100%        3    ####...
 Mephitic Cloud           Conj/Pois/Air  #.......     100%        3    ####...
 Ozocubu's Armour         Chrm/Ice       #.......     100%        3    ####...
 Recall                   Summ/Tloc      N/A          100%        3    ####...
 Spectral Weapon          Hex/Chrm       #.......     100%        3    ####...
 Spider Form              Tmut/Pois      #.........   100%        3    ####...
 Airstrike                Air            #.........   100%        4    #####..
 Ice Form                 Ice/Tmut       #.......     100%        4    #####..
 Iskenderun's Mystic Bla  Conj/Tloc      #.......     100%        4    #####..
 Olgreb's Toxic Radiance  Pois           #.......     100%        4    #####..
 Passage of Golubria      Tloc           N/A          100%        4    #####..
 Petrify                  Tmut/Erth      #.......     100%        4    #####..
 Summon Ice Beast         Ice/Summ       #.......     100%        4    #####..
 Summon Lightning Spire   Summ/Air       #.......     100%        4    #####..
 Alistair's Intoxication  Tmut/Pois      #.......     100%        5    ######.
 Bolt of Magma            Conj/Fire/Erth #.........   100%        5    ######.
 Borgnjor's Vile Clutch   Necr/Erth      #.........   100%        5    ######.
 Irradiate                Conj/Tmut      #.........   100%        5    ######.
 Iskenderun's Battlesphe  Conj/Chrm      #.......     100%        5    ######.
 Lee's Rapid Deconstruct  Erth           #.........   100%        5    ######.
 Silence                  Hex/Air        #.........   100%        5    ######.
 Yara's Violent Unravell  Hex/Tmut       #.........   100%        5    ######.
 Darkness                 Hex            #.........   100%        6    #######
 Eringya's Noxious Bog    Tmut/Pois      #.........   100%        6    #######
 Freezing Cloud           Conj/Ice/Air   #.........   100%        6    #######
 Hydra Form               Tmut           #.........   100%        6    #######
 Invisibility             Hex            #.......     100%        6    #######
 Iron Shot                Conj/Erth      #.........   100%        6    #######
 Shadow Creatures         Summ           N/A          100%        6    #######
 Statue Form              Tmut/Erth      #........    100%        6    #######
 Dragon Form              Tmut           #.........   100%        7    #######
 Orb of Destruction       Conj           #.........   100%        7    #######
 Spellforged Servitor     Conj/Summ      #.........   100%        7    #######
 Controlled Blink         Tloc           N/A          100%        8    #######


Dungeon Overview and Level Annotations

Branches:
Dungeon (14/15)            Temple (1/1) D:4            Lair (6/6) D:8
 Shoals (4/4) Lair:3       Spider (4/4) Lair:3        Slime (5/5) Lair:6
    Orc (2/2) D:9             Elf (0/3) Orc:2        Vaults (0/5) D:13
  IceCv (visited)

Altars:
Ashenzari
Cheibriados
Dithmenos
Elyvilon
Fedhas
Gozag
Hepliaklqana
Kikubaaqudgha
Makhleb
Nemelex Xobeh
Okawaru
Qazlal
Ru
Sif Muna
Trog
Uskayaw
Vehumet
Wu Jian
Xom
Yredelemnul
Zin
The Shining One
Jiyva

Shops:
D:10 [   D:12 ?!(*=   Orc:2 *[=:   Shoals:1 [

Portals:
Abyss: Lair:2
Trove: D:14 (give +3 storm dragon scales)

Annotations:
Slime:5 Royal Jelly


Innate Abilities, Weirdness & Mutations

You have a beak for a mouth.
You have a pair of small horns on your head.
You tend to lose your temper in combat.
You are very clumsy. (Dex -4)
You are frail. (-10% HP)
Your magical capacity is low. (-10% MP)
You occasionally shout uncontrollably at your foes.
You are weak. (Str -2)
Your spells are a little easier to cast, but a little less powerful.


Message History

The acid corrodes you!
You are splashed with acid.
You resist.
* * * LOW HITPOINT WARNING * * *
The azure jelly hits you but does no damage.
You block the azure jelly's attack. x3
You hit the Royal Jelly but do no damage.
Your hands burn!
* * * LOW HITPOINT WARNING * * *
You peck the Royal Jelly, but do no damage.
The Royal Jelly is almost dead.
You hit the acid blob but do no damage.
Your hands burn!
* * * LOW HITPOINT WARNING * * *
You hit the azure jelly.
You feel better.
You hit the acid blob but do no damage.
Your hands burn!
* * * LOW HITPOINT WARNING * * *
The acid blob hits you!!
* * * LOW HITPOINT WARNING * * *
The acid corrodes you!
You are splashed with acid.
You resist.
* * * LOW HITPOINT WARNING * * *
The Royal Jelly hits you!!
You die...

..............###(##..#
##......
..............##(?(#.##
##.....
............###))?##..##
##.... ...........##
())=$##.#) ##..
............# ?))##..##
. ...........##
%?#[#.##}
............########J.##
...........##.JJ#JJJJ...
..............#J@J#JJ..#
...........#########J.##
...........# [[#)#.##}
...........# ($)(##..##
#..
...........###?)?)!##.#%
###..
.............##$:?##..##
##....
..............##)(! .##
##.....
...............##!# .
##......
................#
###.......


You could see the Royal Jelly, 4 acid blobs and 7 azure jellies.

Vanquished Creatures
  Bai Suzhen (Spider:4)
  Saint Roka (Orc:2)
  Arachne (Spider:2)
  20 acid blobs
  Polyphemus (Shoals:4)
  Gastronok (Lair:3)
  Kirke (Shoals:3)
  Agnes (Spider:2)
  Donald (Spider:3)
  Ilsuiw (Shoals:3)
  16 azure jellies
  A frost giant (Shoals:4)
  3 ghost moths (Spider:4)
  Aizul (Shoals:3)
  2 very ugly things (IceCv)
  10 entropy weavers
  Nessos (Lair:4)
  Azrael (D:12)
  An eidolon (Abyss:3)
  4 spark wasps (Spider:4)
  4 merfolk javelineers
  Josephine (Lair:4)
  2 fire dragons
  6 death oozes
  7 merfolk impalers
  Harold (D:8)
  5 great orbs of eyes
  2 hydras
  The ghost of Venturno the Eclecticist, a journeyman DEWz of Sif Muna (Lair:2)
  An alligator snapping turtle (Shoals:4)
  3 merfolk avatars (Shoals:4)
  A rakshasa (Lair:2)
  An ice dragon (Shoals:1)
  6 merfolk aquamancers
  Erolcha (D:11)
  3 centaur warriors (D:13)
  2 catoblepae
  An alligator (Lair:6)
  5 death yaks
  5 satyrs
  3 two-headed ogres
  A vampire mage (D:13)
  3 orc high priests (Orc:2)
  Urug (Lair:2)
  Sonja (Lair:4)
  Nergalle (Lair:2)
  A sixfirhy (Lair:2)
  A wretched star (Abyss:3)
  The ghost of zkyp the Skirmisher, a novice FoWn of Gozag (D:6)
  12 sea snakes
  A shadow demon (Spider:3)
  A phantasmal warrior (Abyss:3)
  8 orb spiders
  22 harpies
  A swamp dragon (Lair:6)
  4 orc knights (Orc:2)
  The ghost of Vazz the Ducker, a novice GnMo (D:6)
  A large abomination (Lair:2)
  20 ugly things
  4 deep elf magi
  9 orc sorcerers
  20 fauns
  24 wolf spiders
  108 slime creatures
  A worldbinder (Lair:2)
  2 oklob plants (Lair:6)
  3 cyclopes
  7 shining eyes
  A moth of wrath (Spider:4)
  12 manticores
  The ghost of Topotin the Insei, a novice OpTm of Wu Jian (D:6)
  11 merfolk sirens
  9 water nymphs
  A black mamba (shapeshifter) (D:13)
  The ghost of utis the Caller, a novice TeSu (D:6)
  5 ice statues (IceCv)
  6 black mambas
  7 elephants (Lair:6)
  7 torpor snails
  A gargoyle (D:14)
  5 eyes of devastation
  15 spiny frogs
  8 naga magi (D:13)
  An efreet (D:14)
  8 komodo dragons
  5 rime drakes
  2 anaconda simulacra (IceCv)
  2 hellwings (Abyss:3)
  14 demonic crawlers
  A queen bee (D:9)
  A tengu conjurer (D:14)
  28 jumping spiders
  A red devil (Lair:2)
  12 hornets
  5 trolls
  13 wind drakes
  12 polar bears
  52 merfolk
  A wolf spider simulacrum (D:13)
  2 raiju (Lair:6)
  28 blink frogs
  Grinder (D:4)
  9 hippogriffs
  8 dream sheep (Shoals:3)
  4 snapping turtles
  A vampire (D:11)
  A shadow (D:13)
  87 redbacks
  A spriggan (Lair:2)
  26 yaks
  Sigmund (D:2)
  24 tarantellas
  2 wyverns
  A ynoxinul (Abyss:3)
  5 fire elementals
  14 water elementals
  4 wraiths (Lair:4)
  2 hogs (Shoals:3)
  14 golden eyes
  A human (Shoals:3)
  3 basilisks
  4 vampire mosquitoes (D:13)
  A chaos spawn (Abyss:3)
  A steam dragon (Lair:6)
  2 hungry ghosts
  A harpy simulacrum (IceCv)
  7 wargs
  An iron troll simulacrum (IceCv)
  An acid dragon (Lair:6)
  12 water moccasins
  4 hydra simulacra (IceCv)
  Duvessa (D:4)
  13 hell hounds (Lair:6)
  11 porcupines
  2 floating eyes
  4 swamp drakes
  11 black bears (Lair:6)
  10 ice beasts
  A phantom (D:10)
  A sky beast (D:6)
  A hornet zombie (D:14)
  17 orc warriors
  10 eyes of draining
  An ettin simulacrum (IceCv)
  22 wolves
  10 centaurs
  5 ogres
  9 crocodiles
  4 big kobolds
  16 bullfrogs
  A gnoll sergeant (D:9)
  An earth elemental (Abyss:3)
  A wyvern skeleton (D:13)
  6 scorpions
  Dowan (D:4)
  23 killer bees
  4 wights (D:10)
  6 electric eels
  2 howler monkeys
  6 crimson imps
  A bullfrog zombie (D:5)
  3 hounds
  A quasit (D:9)
  Crazy Yiuf (D:4)
  16 orc priests
  A jelly (D:10)
  A bullfrog skeleton (D:5)
  3 centaur skeletons
  An iron imp (Abyss:3)
  4 iguanas
  15 orc wizards
  16 worker ants
  A hound skeleton (D:10)
  4 worker ant zombies
  11 gnolls
  11 adders
  5 shadow imps
  3 oozes
  3 worms
  A dart slug (D:1)
  7 leopard geckos
  55 orcs
  7 bats
  7 giant cockroaches
  14 goblins
  4 hobgoblins
  8 jackals
  5 quokkas
  4 frilled lizards
  26 kobolds
  A quokka skeleton (D:5)
  6 rats
  A bush (D:1)
  A butterfly (Lair:4)
  3 fungi
  18 plants
1379 creatures vanquished.

Vanquished Creatures (collateral kills)
  An elephant (Lair:6)
  A blink frog (Lair:6)
  2 yaks (Lair:6)
4 creatures vanquished.

Vanquished Creatures (others)
  A satyr (Shoals:4)
  2 fauns
  Maurice (D:13)
  A merfolk siren (Shoals:3)
  A water nymph (Shoals:4)
  2 merfolk
  A centaur (Shoals:1)
  A crocodile (Lair:6)
  A kobold (D:11)
  6 fungi
  19 plants
  2 withered plants (D:6)
38 creatures vanquished.

Grand Total: 1421 creatures vanquished

Notes
Turn   | Place    | Note
-------+----------+-------------------------------------------
     0 | D:1      | Error4North the Hill Orc Fighter began the quest for the
                  | Orb.
     0 | D:1      | Reached XP level 1. HP: 19/19 MP: 1/1
   171 | D:1      | Reached XP level 2. HP: 26/27 MP: 2/2
   550 | D:1      | Reached XP level 3. HP: 25/33 MP: 3/3
   866 | D:2      | Noticed Sigmund
   871 | D:2      | Killed Sigmund
   871 | D:2      | Reached XP level 4. HP: 40/40 MP: 4/4
   871 | D:2      | Reached XP level 5. HP: 46/46 MP: 5/5
   969 | D:2      | Reached skill level 5 in Shields
  1083 | D:2      | Reached XP level 6. HP: 53/53 MP: 6/6
  1824 | D:3      | Reached skill level 5 in Axes
  1883 | D:3      | Found a faded altar of an unknown god.
  2055 | D:4      | Noticed Duvessa
  2056 | D:4      | Noticed Dowan
  2063 | D:4      | Killed Dowan
  2068 | D:4      | Killed Duvessa
  2068 | D:4      | Reached XP level 7. HP: 29/60 MP: 7/7
  2246 | D:4      | Found a sacrificial altar of Ru.
  2348 | D:4      | Found a runed translucent door.
  2349 | D:4      | Noticed Crazy Yiuf
  2412 | D:4      | Noticed Grinder
  2414 | D:4      | Paralysed by Grinder for 4 turns
  2429 | D:4      | Paralysed by Grinder for 4 turns
  2433 | D:4      | Killed Grinder
  2433 | D:4      | Reached skill level 5 in Fighting
  2433 | D:4      | Reached skill level 5 in Armour
  2570 | D:4      | Got a translucent hand axe
  2649 | D:4      | Identified the +9 hand axe "Gierghe" {vamp, rN++ Dex+2
                  | Stlth+} (You found it on level 4 of the Dungeon)
  2661 | D:4      | Found a staircase to the Ecumenical Temple.
  2667 | Temple   | Entered the Ecumenical Temple
  2768 | Temple   | Became a worshipper of Warmaster Okawaru
  2822 | D:4      | Reached XP level 8. HP: 70/70 MP: 8/8
  2942 | D:4      | Killed Crazy Yiuf
  3014 | D:5      | Entered Level 5 of the Dungeon
  3153 | D:5      | Reached skill level 1 in Dodging
  3282 | D:5      | Found a bloodstained altar of Trog.
  3755 | D:6      | Found a runed translucent gate.
  3755 | D:6      | Found a runed translucent gate.
  3755 | D:6      | Found a runed translucent gate.
  3755 | D:6      | Noticed zkyp's ghost (novice FoWn)
  3761 | D:6      | Noticed Vazz's ghost (novice GnMo)
  3762 | D:6      | Noticed utis's ghost (novice TeSu)
  3762 | D:6      | Noticed Topotin's ghost (novice OpTm)
  3800 | D:6      | Found an ancient bone altar of Kikubaaqudgha.
  3989 | D:6      | Found a stormy altar of Qazlal.
  4570 | D:6      | Reached * piety under Okawaru
  4733 | D:7      | Reached skill level 1 in Evocations
  4748 | D:7      | Reached skill level 1 in Stealth
  4748 | D:7      | Reached skill level 1 in Invocations
  4843 | D:7      | Reached XP level 9. HP: 78/78 MP: 10/10
  5437 | D:8      | Reached ** piety under Okawaru
  5467 | D:8      | Found a staircase to the Lair.
  5592 | D:8      | Noticed Harold
  5620 | D:8      | Killed Harold
  5639 | D:8      | Reached XP level 10. HP: 86/86 MP: 11/13
  6215 | D:9      | Found a staircase to the Orcish Mines.
  6223 | D:9      | Reached skill level 10 in Axes
  6229 | D:8      | Reached *** piety under Okawaru
  6616 | D:9      | Reached **** piety under Okawaru
  6623 | D:9      | Reached skill level 5 in Invocations
  6719 | D:9      | Found a stormy altar of Qazlal.
  7047 | Orc:1    | Entered Level 1 of the Orcish Mines
  7055 | Orc:1    | Reached XP level 11. HP: 71/94 MP: 11/14
  7229 | Orc:2    | Entered Level 2 of the Orcish Mines
  7318 | Orc:2    | Noticed an orc knight
  7375 | Orc:2    | Found a staircase to the Elven Halls.
  7421 | Orc:2    | Reached ***** piety under Okawaru
  7445 | Orc:2    | Killed an orc knight
  7477 | Orc:2    | Found a flickering gateway to a bazaar.
  7488 | Bazaar   | Entered a bazaar
  7488 | Bazaar   | Found Vufiac's Gadget Emporium.
  7488 | Bazaar   | Found Saduawk's Gadget Shoppe.
  7488 | Bazaar   | Found Ehuamn Hekh's Food Shoppe.
  7488 | Bazaar   | Found Fallef's Distillery.
  7488 | Bazaar   | Found Gawiaguwn's Antique Armour Shoppe.
  7512 | Bazaar   | Bought a runed plate armour for 546 gold pieces
  7696 | Orc:2    | Noticed an orc high priest
  7697 | Orc:2    | Noticed an orc sorcerer
  7709 | Orc:2    | Noticed an orc sorcerer
  7710 | Orc:2    | Noticed an orc knight
  7804 | Orc:1    | Noticed a cyclops
  7869 | Orc:2    | Noticed Saint Roka
  7870 | Orc:2    | Noticed an orc sorcerer
  8125 | D:10     | Entered Level 10 of the Dungeon
  8176 | D:10     | Reached skill level 5 in Evocations
  8799 | D:10     | Reached skill level 10 in Shields
  8933 | D:10     | Found Acloxofy's Armour Boutique.
  9332 | D:11     | Noticed Erolcha
  9345 | D:11     | Killed Erolcha
  9372 | D:11     | Noticed a two-headed ogre
  9385 | D:11     | Killed a two-headed ogre
 10246 | D:6      | Killed zkyp's ghost
 10256 | D:6      | Killed Topotin's ghost
 10256 | D:6      | Reached XP level 12. HP: 98/105 MP: 10/17
 10258 | D:6      | Killed utis's ghost
 10262 | D:6      | Killed Vazz's ghost
 10262 | D:6      | Received a gift from Okawaru
 10717 | D:12     | Found Wablanue's Distillery.
 10718 | D:12     | Noticed Azrael
 11183 | D:12     | Found Ychucw's Assorted Antiques.
 11595 | Lair:1   | Entered Level 1 of the Lair of Beasts
 11596 | Lair:1   | Found a sparkling altar of Nemelex Xobeh.
 11890 | Lair:1   | Reached skill level 10 in Fighting
 11967 | Lair:1   | Received a gift from Okawaru
 12261 | Lair:2   | Found a transporter.
 12293 | Lair:2   | Noticed a rakshasa
 12298 | Lair:2   | Found a transporter.
 12540 | Lair:2   | Found a one-way gate to the infinite horrors of the Abyss.
 12570 | Lair:2   | Noticed Nergalle
 12588 | Lair:2   | Killed Nergalle
 12779 | Lair:2   | Noticed Urug
 12806 | Lair:2   | Killed Urug
 13299 | Lair:3   | Found a staircase to the Shoals.
 13316 | Lair:3   | Reached XP level 13. HP: 116/116 MP: 17/19
 13321 | Lair:3   | Reached skill level 10 in Armour
 13343 | Lair:3   | Found a hole to the Spider Nest.
 13370 | Lair:3   | Noticed Gastronok
 13393 | Lair:3   | Killed Gastronok
 13393 | Lair:3   | Reached skill level 1 in Throwing
 13463 | Lair:3   | Received a gift from Okawaru
 14234 | Lair:4   | Noticed Nessos
 14269 | Lair:4   | Killed Nessos
 14332 | Lair:4   | Noticed Sonja
 14386 | Lair:4   | Killed Sonja
 15025 | Lair:4   | Noticed Josephine
 15139 | Lair:2   | Noticed Venturno's ghost (journeyman DEWz)
 15514 | D:13     | Upgraded the game from 0.25-a0-822-g6581751b11 to
                  | 0.25-a0-829-g4e6a552925
 15587 | D:13     | Identified a scroll of acquirement
 15728 | D:13     | Received a gift from Okawaru
 15747 | D:13     | You fall into a shaft and drop 1 floor!
 15758 | D:14     | Reached XP level 14. HP: 126/126 MP: 19/21
 16173 | D:14     | Received a gift from Okawaru
 16176 | D:14     | Got a faintly humming plate armour {god gift}
 16179 | D:14     | Identified the +3 plate armour "Jeses" {rElec rF- Regen+
                  | Dex-3} (Okawaru gifted it to you on level 14 of the
                  | Dungeon)
 16525 | D:14     | Found a portal to a secret trove of treasure.
 17026 | D:13     | Found a gate to the Vaults.
 17082 | D:13     | Noticed Maurice
 17097 | D:13     | Killed Maurice
 17338 | D:13     | Identified Woimu's Catalogue of Venom
 17361 | D:13     | Found a shimmering blue altar of Sif Muna.
 17413 | D:13     | Identified the Handbook of Glacial Poisoning
 17415 | D:13     | Identified the Guide on Supportive Translocation
 17464 | D:13     | Reached skill level 10 in Invocations
 17548 | D:13     | Identified the Tome of Flight and Augmentations
 17561 | D:13     | Identified Ragel's Papyrus of Shape Shifting
 17868 | D:12     | Found Oklit's Magic Scroll Shop.
 17879 | D:12     | Bought a scroll of enchant armour for 105 gold pieces
 17879 | D:12     | Bought a scroll of enchant armour for 105 gold pieces
 17890 | D:12     | Bought a potion of mutation for 128 gold pieces
 17952 | D:12     | Killed Azrael
 18039 | D:12     | Found Howk's Jewellery Boutique.
 18051 | D:12     | Found a snail-covered altar of Cheibriados.
 18157 | D:12     | Found Biclitit's Antique Weapon Shop.
 18688 | Lair:2   | Reached XP level 15. HP: 136/136 MP: 22/22
 18789 | Lair:2   | Killed Venturno's ghost
 18848 | Lair:4   | Received a gift from Okawaru
 18927 | Lair:4   | Killed Josephine
 19138 | Lair:5   | Reached skill level 15 in Axes
 19812 | Lair:5   | Reached skill level 5 in Dodging
 19902 | Lair:6   | Entered Level 6 of the Lair of Beasts
 20004 | Lair:6   | Found a snail-covered altar of Cheibriados.
 20640 | Lair:6   | Reached skill level 15 in Shields
 20822 | Lair:6   | Reached ****** piety under Okawaru
 20828 | Lair:6   | Received a gift from Okawaru
 21125 | Lair:6   | Found a staircase to the Slime Pits.
 22138 | Orc:2    | Received a gift from Okawaru
 22185 | Orc:2    | Killed Saint Roka
 22185 | Orc:2    | Received a gift from Okawaru
 22185 | Orc:2    | Reached XP level 16. HP: 147/147 MP: 18/24
 22298 | Orc:2    | Got a polished crystal plate armour {god gift}
 22305 | Orc:2    | Identified the +5 crystal plate armour of Quantum Leap
                  | {rF+} (Okawaru gifted it to you on level 2 of the Orcish
                  | Mines)
 22426 | Orc:2    | Found an iron altar of Okawaru.
 22593 | Orc:2    | Found Xeefatia's Book Shoppe.
 22593 | Orc:2    | Found Verghado's Assorted Antiques.
 22600 | Orc:2    | Found Ruvoodae's Jewellery Shoppe.
 22600 | Orc:2    | Found Siwedapn's Armour Shop.
 23262 | Spider:1 | Entered Level 1 of the Spider Nest
 23502 | Spider:1 | Found a transporter.
 24010 | Spider:1 | Reached skill level 15 in Fighting
 24060 | Spider:1 | Found a transporter.
 24066 | Spider:1 | Got a pitted steel ring
 24085 | Spider:1 | Identified the ring "Eryoren" {+Blink rElec rF- MR+ Int+5}
                  | (You found it on level 1 of the Spider Nest)
 24092 | Spider:1 | Got a bound brass amulet
 24094 | Spider:1 | Identified the amulet of Ahoidy {Reflect +Blink +Fly rC-
                  | Dex+2 SH+2} (You found it on level 1 of the Spider Nest)
 24196 | Spider:1 | Gained mutation: You expend magic power (3 MP) to
                  | strengthen your wands. [potion of mutation]
 24196 | Spider:1 | Gained mutation: You evolve. [potion of mutation]
 24197 | Spider:1 | Lost mutation: You expend magic power (3 MP) to strengthen
                  | your wands. [potion of mutation]
 24197 | Spider:1 | Lost mutation: You evolve. [potion of mutation]
 24197 | Spider:1 | Gained mutation: Your flesh is heat resistant. (rF+)
                  | [potion of mutation]
 24197 | Spider:1 | Gained mutation: You are surrounded by a mild repulsion
                  | field. (EV +2) [potion of mutation]
 24434 | Spider:2 | Noticed Agnes
 24452 | Spider:2 | Killed Agnes
 24557 | Spider:2 | Noticed Arachne
 24612 | Spider:2 | Killed Arachne
 24971 | Spider:2 | Received a gift from Okawaru
 25264 | Spider:2 | Lost mutation: Your flesh is heat resistant. (rF+) [potion
                  | of mutation]
 25264 | Spider:2 | Gained mutation: Your system is resistant to poisons.
                  | (rPois) [potion of mutation]
 25264 | Spider:2 | Gained mutation: Your muscles are strong. (Str +2) [potion
                  | of mutation]
 25264 | Spider:2 | Gained mutation: You have a beak for a mouth. [potion of
                  | mutation]
 25268 | Spider:2 | Lost mutation: Your system is resistant to poisons. (rPois)
                  | [potion of mutation]
 25268 | Spider:2 | Lost mutation: Your muscles are strong. (Str +2) [potion of
                  | mutation]
 25268 | Spider:2 | Gained mutation: You are frail. (-10% HP) [potion of
                  | mutation]
 25268 | Spider:2 | Gained mutation: You are partially covered in icy blue
                  | scales. (AC +2) [potion of mutation]
 25268 | Spider:2 | Gained mutation: Your muscles are strong. (Str +2) [potion
                  | of mutation]
 25269 | Spider:2 | Lost mutation: You are frail. (-10% HP) [potion of
                  | mutation]
 25269 | Spider:2 | Lost mutation: Your muscles are strong. (Str +2) [potion of
                  | mutation]
 25269 | Spider:2 | Gained mutation: You expend magic power (3 MP) to
                  | strengthen your wands. [potion of mutation]
 25269 | Spider:2 | Gained mutation: Your muscles are strong. (Str +2) [potion
                  | of mutation]
 25270 | Spider:2 | Lost mutation: Your muscles are strong. (Str +2) [potion of
                  | mutation]
 25270 | Spider:2 | Lost mutation: You expend magic power (3 MP) to strengthen
                  | your wands. [potion of mutation]
 25270 | Spider:2 | Lost mutation: You are surrounded by a mild repulsion
                  | field. (EV +2) [potion of mutation]
 25270 | Spider:2 | Gained mutation: Your natural rate of healing is unusually
                  | fast. [potion of mutation]
 25270 | Spider:2 | Gained mutation: Your muscles are strong. (Str +2) [potion
                  | of mutation]
 25270 | Spider:2 | Gained mutation: You expend magic power (3 MP) to
                  | strengthen your wands. [potion of mutation]
 25270 | Spider:2 | Gained mutation: You have large cloven feet. [potion of
                  | mutation]
 25633 | Spider:3 | Noticed Donald
 25656 | Spider:3 | Cast into level 3 of the Abyss (Donald)
 25656 | Abyss:3  | Found a corrupted altar of Lugonu.
 25727 | Abyss:3  | Reached XP level 17. HP: 156/156 MP: 19/25
 25810 | Abyss:3  | Noticed a Hell Sentinel
 25823 | Spider:3 | Escaped the Abyss
 25844 | Spider:3 | Killed Donald
 25961 | Spider:3 | Got a pair of smoking boots
 25975 | Spider:3 | Identified the +0 pair of boots "Faodystro" {MR- Str+5}
                  | (You found it on level 3 of the Spider Nest)
 26244 | Spider:3 | Found the ring of Robustness {AC+8}
 26453 | Spider:4 | Entered Level 4 of the Spider Nest
 26473 | Spider:4 | Received a gift from Okawaru
 26534 | Spider:4 | Noticed Bai Suzhen
 26592 | Spider:4 | Killed Bai Suzhen
 26913 | Spider:4 | Reached XP level 18. HP: 166/166 MP: 10/26
 26957 | Spider:4 | Received a gift from Okawaru
 27054 | Spider:4 | Reached skill level 10 in Dodging
 27078 | Spider:4 | Got a gossamer rune of Zot
 27117 | Spider:4 | Received a gift from Okawaru
 27918 | Shoals:1 | Entered Level 1 of the Shoals
 28138 | Shoals:1 | Reached XP level 19. HP: 153/173 MP: 25/27
 28230 | Shoals:1 | Found Nuc Gof's Antique Armour Shoppe.
 28241 | Shoals:1 | Found a frozen archway.
 28254 | Shoals:1 | Bought a pair of glowing boots for 247 gold pieces
 28268 | IceCv    | Entered an ice cave
 28990 | IceCv    | Lost mutation: You have large cloven feet. [potion of
                  | mutation]
 28990 | IceCv    | Lost mutation: You are partially covered in icy blue
                  | scales. (AC +2) [potion of mutation]
 28990 | IceCv    | Lost mutation: You expend magic power (3 MP) to strengthen
                  | your wands. [potion of mutation]
 28990 | IceCv    | Lost mutation: Your muscles are strong. (Str +2) [potion of
                  | mutation]
 28990 | IceCv    | Gained mutation: You have a pair of small horns on your
                  | head. [potion of mutation]
 30889 | Shoals:3 | Received a gift from Okawaru
 31018 | Shoals:3 | Noticed Aizul
 31057 | Shoals:3 | Killed Aizul
 31345 | Shoals:3 | Noticed Kirke
 31358 | Shoals:3 | Killed Kirke
 31610 | Shoals:3 | Noticed Ilsuiw
 31654 | Shoals:3 | Killed Ilsuiw
 31736 | Shoals:4 | Entered Level 4 of the Shoals
 31897 | Shoals:4 | Reached XP level 20. HP: 180/184 MP: 28/28
 32054 | Shoals:4 | Got a barnacled rune of Zot
 32322 | Shoals:4 | Found the brooch of Shielding {Reflect SH+8}
 32437 | Shoals:4 | Noticed Polyphemus
 32479 | Shoals:4 | Killed Polyphemus
 32512 | Shoals:4 | Got a crude buckler
 32514 | Shoals:4 | Identified the +1 buckler of Ikhlofa {+Blink Slay+2} (You
                  | found it on level 4 of the Shoals)
 32916 | Shoals:4 | Received a gift from Okawaru
 32942 | Shoals:4 | Got a translucent hand axe {god gift}
 32945 | Shoals:4 | Identified the +9 hand axe of the Desert {freeze, rPois
                  | Int+5 Dex-3} (Okawaru gifted it to you on level 4 of the
                  | Shoals)
 33093 | Shoals:4 | Identified the ring of Nuss {+Fly rPois rC+ Str-5 Stlth+}
                  | (You acquired it on level 4 of the Shoals)
 33990 | Slime:1  | Entered Level 1 of the Pits of Slime
 34177 | Slime:1  | Reached skill level 15 in Armour
 34457 | Slime:2  | Gained mutation: Your spells are a little easier to cast,
                  | but a little less powerful. [a shining eye]
 34838 | Slime:1  | Received a gift from Okawaru
 36055 | Slime:4  | Reached XP level 21. HP: 84/198 MP: 21/29
 36339 | Slime:4  | Gained mutation: You tend to lose your temper in combat. [a
                  | shining eye]
 36343 | Slime:4  | Gained mutation: You are frail. (-10% HP) [a shining eye]
 36379 | Slime:3  | Gained mutation: Your magical capacity is low. (-10% MP) [a
                  | shining eye]
 36383 | Slime:3  | Lost mutation: Your natural rate of healing is unusually
                  | fast. [a shining eye]
 36389 | Slime:3  | Gained mutation: You are clumsy. (Dex -2) [a shining eye]
 37026 | Slime:5  | Entered Level 5 of the Pits of Slime
 37091 | Slime:5  | Gained mutation: You are very clumsy. (Dex -4) [a shining
                  | eye]
 37094 | Slime:5  | Gained mutation: You are weak. (Str -2) [a shining eye]
 37139 | Slime:5  | Received a gift from Okawaru
 37223 | Slime:5  | Gained mutation: You occasionally shout uncontrollably at
                  | your foes. [a shining eye]
 37262 | Slime:5  | Paralysed by a floating eye for 2 turns
 37504 | Slime:5  | Found a viscous altar of Jiyva.
 37505 | Slime:5  | Noticed the Royal Jelly
 37523 | Slime:5  | Received a gift from Okawaru
 37590 | Slime:5  | Slain by the Royal Jelly

Levels and vault maps discovered:
D:1:      shiori_angband_town, layout_loops_ring, lexackson_kobold_supper
D:2:      layout_rooms, cheibrodos_gnoll_hut, uniq_sigmund
D:3:      layout_basic, chequers_ecumenical_altar_grove
D:4:      layout_basic, minmay_temple_entry_mini_moons, st_stairs_11,
          nicolae_ru_great_annihilating_truth, uniq_duvessa,
          uniq_crazy_yiuf_cottage, uniq_grinder
D:5:      layout_loops_corners, first_ration, bloody_trog
D:6:      corexii_shack_village, layout_gridville, lemuel_round_altar,
          basic_altar, gammafunk_ghost_cemetery, hangedman_decor_points
D:7:      layout_loops_ring
D:8:      layout_gridville, erik_lair_dragon, uniq_harold
D:9:      layout_cave_pools, orc_0_dummy, david_nohive_1,
          nicolae_qazlal_style_of_elements
D:10:     layout_basic, serial_shops, shop_statue
D:11:     layout_long_grid, chequers_serial_rivers_small_b, minivault_1,
          uniq_erolcha
D:12:     layout_small_grid, serial_shops, nicolae_shop_stone,
          nicolae_shop_window_shopping, nicolae_shop_statue_plus, shop, shop,
          cheibriados_altar_1, uniq_azrael
D:13:     evilmike_library_of_no_secrets, layout_basic, david_vaults_4,
          hangedman_decor_slide_cut, uniq_maurice
D:14:     layout_roguey, nicolae_trove_entry_diagonal
Temple:   compressed_dpeg_circular_temple
Lair:1:   layout_regular_city, basic_altar, beast_lair_carwin_11
Lair:2:   layout_gridlike, gammafunk_ghost_abyssal_escape, minivault_25,
          infiniplex_staircase_pool, uniq_urug, uniq_nergalle
Lair:3:   layout_cave_pods, elwin_shoals_entry_stream,
          nicolae_spider_entry_non_spiders, beast_lair_carwin_6, uniq_gastronok
Lair:4:   layout_gridlike, grunt_forest_small_clearing_treed,
          grunt_megastairs_1, lemuel_fruit_fields, uniq_sonja, uniq_josephine,
          uniq_nessos
Lair:5:   layout_long_grid, st_stairs_9, small_statue_intersection,
          lemuel_fruit_tree
Lair:6:   guppyfry_lair_end_dragon, layout_cave_pods,
          hangedman_lair_caniforms_friends, minmay_slime_entry_oklob_enclosed,
          kennysheep_snail_temple
Shoals:1: layout_shoals, portal_ice_cave_entry_dragon, serial_shops,
          nicolae_shop_overgrown_old_shop
Shoals:2: layout_shoals
Shoals:3: layout_shoals, uniq_aizul, uniq_kirke, uniq_ilsuiw
Shoals:4: shoals_end_grunt_ice, layout_shoals, uniq_polyphemus
Spider:1: gammafunk_its_a_trap, drop_trap, hangedman_spider_tarantella_strand
Spider:2: layout_spider_delve, uniq_arachne, uniq_agnes
Spider:3: layout_spider_delve, nicolae_spider_cling_halls, uniq_donald
Spider:4: spider_rune_water, drop_trap, hangedman_spider_mandibles,
          uniq_bai_suzhen
Slime:1:  layout_caves
Slime:2:  layout_caves, nicolae_slime_phagocytosis
Slime:3:  layout_caves
Slime:4:  layout_caves, cheibrodos_slime_lost_civilization_6
Slime:5
Orc:1:    layout_caves
Orc:2:    grunt_orc_tribal_feast, layout_caves, serial_shops,
          bzr_entry_lakeside, okawaru_metal_pillars_1_2, uniq_saint_roka

Skill      XL: |  1  2  3  4  5  6  7  8  9 10 11 12 13 14 15 16 17 18 19 20 21 |
---------------+----------------------------------------------------------------+-----
Shields        | 4 5 6 7 9 10 11 12 14 15 16 17 18 19 20 | 20.9
Fighting       | 4 5 6 7 8 9 11 12 13 14 15 16 17 19 20 | 20.0
Axes           | 4 5 7 8 9 11 12 13 14 15 16 17 | 17.6
Armour         | 4 5 6 7 8 9 10 11 12 13 14 15 | 15.6
Dodging        | 1 2 3 4 6 8 9 10 11 12 | 12.1
Evocations     | 1 3 4 5 6 7 8 |  8.3
Stealth        | 1 2 3 4 |  4.2
Invocations    | 1 4 5 7 8 9 10 11 | 11.9
Throwing       | 1 3 |  3.9

Action                   |  1- 3 |  4- 6 |  7- 9 | 10-12 | 13-15 | 16-18 | 19-21 || total
-------------------------+-------+-------+-------+-------+-------+-------+-------++-------
Melee: War axe           |   146 |   154 |    34 |       |       |       |       ||   334
       Hand axe          |       |       |   272 |   761 |  1492 |  1263 |  1946 ||  5734
       Peck              |       |       |       |       |       |   216 |   602 ||   818
       Headbutt          |       |       |       |       |       |       |   498 ||   498
Throw: Boomerang         |       |       |       |     8 |    22 |    55 |    84 ||   169
Invok: Heroism           |       |       |     1 |    23 |    21 |    19 |    34 ||    98
       Finesse           |       |       |       |     6 |     8 |    13 |    14 ||    41
 Abil: Evoke Flight      |       |       |       |       |       |     1 |    15 ||    16
       Stop Flying       |       |       |       |       |       |     1 |    11 ||    12
Evoke: Wand              |       |       |       |    14 |    50 |     5 |    60 ||   129
       Lightning rod     |       |       |       |       |       |       |     4 ||     4
  Use: Potion            |       |     2 |       |     5 |     4 |    16 |     4 ||    31
       Scroll            |       |       |     2 |    14 |    18 |    13 |     9 ||    56
 Stab: Sleeping          |       |       |     6 |     1 |       |       |       ||     7
       Paralysed         |       |       |       |     2 |       |       |       ||     2
       Petrified         |       |       |       |       |    10 |       |    16 ||    26
       Invisible         |       |       |       |       |     5 |     1 |       ||     6
       Confused          |       |       |       |       |     2 |       |     6 ||     8
       Distracted        |       |       |       |       |     1 |       |       ||     1
       Held in net/web   |       |       |       |       |       |     2 |       ||     2
       Petrifying        |       |       |       |       |       |       |     1 ||     1
  Eat: Chunk             |       |     4 |    12 |    14 |    25 |    13 |    14 ||    82
       Ration            |       |       |       |     4 |     2 |     1 |     7 ||    14
Armor: Scale mail        |    45 |    15 |       |       |       |       |       ||    60
       Chain mail        |       |    72 |     2 |       |       |       |       ||    74
       Ring mail         |       |       |   103 |    83 |       |       |       ||   186
       Plate armour      |       |       |       |   175 |   606 |     3 |       ||   784
       Skin              |       |       |       |    22 |       |       |       ||    22
       Crystal plate arm |       |       |       |       |       |   747 |       ||   747
       Gold dragon scale |       |       |       |       |       |   116 |   846 ||   962
Dodge: Dodged            |    22 |    36 |    70 |   194 |   449 |   479 |   474 ||  1724
Block: Kite shield       |    49 |    76 |   109 |   408 |   860 |  1262 |  1577 ||  4341
       Reflection        |       |       |       |       |       |     9 |   108 ||   117

Table legend:
 A = Non-vault XP
 B = Vault XP
 C = Vault XP percentage of total XP
 D = Non-vault monster count
 E = Vault monster count
 F = Vault count percentage of total count
                 A         B        C        D         E       F
            +---------+---------+-------+---------+---------+-------
      Total |  310442 |  167399 |  35.0 |     955 |     405 |  29.8
            +---------+---------+-------+---------+---------+-------
        D:1 |      33 |      11 |  25.0 |      20 |       8 |  28.6
        D:2 |      53 |     230 |  81.3 |      12 |       4 |  25.0
        D:3 |     105 |       0 |   0.0 |      18 |       0 |   0.0
        D:4 |     250 |     564 |  69.3 |      17 |      10 |  37.0
        D:5 |     336 |       0 |   0.0 |      11 |       0 |   0.0
        D:6 |     455 |    2393 |  84.0 |      15 |      17 |  53.1
        D:7 |     416 |       0 |   0.0 |      17 |       0 |   0.0
        D:8 |    1392 |    1914 |  57.9 |      19 |       9 |  32.1
        D:9 |    2299 |    1127 |  32.9 |      36 |      14 |  28.0
       D:10 |    1797 |       0 |   0.0 |      23 |       0 |   0.0
       D:11 |    2385 |    1328 |  35.8 |      23 |       3 |  11.5
       D:12 |    3002 |    1840 |  38.0 |       8 |       4 |  33.3
       D:13 |    9279 |   10107 |  52.1 |      46 |      24 |  34.3
       D:14 |   12759 |       0 |   0.0 |      30 |       0 |   0.0
     Lair:1 |    2263 |     219 |   8.8 |      11 |       2 |  15.4
     Lair:2 |    3025 |    6553 |  68.4 |      13 |      10 |  43.5
     Lair:3 |    5863 |    6933 |  54.2 |      23 |      22 |  48.9
     Lair:4 |    4079 |    5645 |  58.1 |      17 |      14 |  45.2
     Lair:5 |    6676 |     377 |   5.3 |      23 |       1 |   4.2
     Lair:6 |   16181 |   16884 |  51.1 |      51 |      75 |  59.5
   Shoals:1 |   15401 |     962 |   5.9 |      38 |       1 |   2.6
   Shoals:2 |   15798 |       0 |   0.0 |      33 |       0 |   0.0
   Shoals:3 |   23481 |    7623 |  24.5 |      50 |       9 |  15.3
   Shoals:4 |   27230 |   26819 |  49.6 |      51 |      43 |  45.7
   Spider:1 |   12974 |    2742 |  17.4 |      34 |       8 |  19.0
   Spider:2 |   11787 |    5248 |  30.8 |      37 |       2 |   5.1
   Spider:3 |   17153 |    1889 |   9.9 |      47 |       1 |   2.1
   Spider:4 |   19494 |   25467 |  56.6 |      50 |      42 |  45.7
    Slime:1 |   20535 |       0 |   0.0 |      29 |       0 |   0.0
    Slime:2 |   23061 |    1064 |   4.4 |      31 |       4 |  11.4
    Slime:3 |   10175 |       0 |   0.0 |      20 |       0 |   0.0
    Slime:4 |   21756 |       0 |   0.0 |      48 |       0 |   0.0
    Slime:5 |   11715 |   18027 |  60.6 |      15 |      14 |  48.3
      Orc:1 |    1554 |       0 |   0.0 |      11 |       0 |   0.0
      Orc:2 |    1891 |   14011 |  88.1 |      19 |      42 |  68.9
    Abyss:3 |    3789 |       0 |   0.0 |       9 |       0 |   0.0
      IceCv |       0 |    7422 | 100.0 |       0 |      22 | 100.0
            +---------+---------+-------+---------+---------+-------
